 Dungeon Crawl Stone Soup version 0.19.5 (webtiles) character file.

226 spiff the Magician (level 5, -4/35 HPs)
             Began as a Mummy Wizard on Apr 5, 2017.
             Killed from afar by an orc wizard (8 damage)
             ... with a magic dart
             ... on level 4 of the Dungeon.
             The game lasted 00:19:45 (5553 turns).

spiff the Magician (Mummy Wizard)                   Turns: 5553, Time: 00:19:45

Health: -4/35      AC:  5    Str: 11    XL:     5   Next: 69%
Magic:  2/11       EV: 12    Int: 22    God:
Gold:   135        SH:  0    Dex: 10    Spells: 4 memorised, 3 levels left

rFire  x . .     SeeInvis .     l - +0 dagger
rCold  + . .     Gourm    .     a - +0 robe
rNeg   + + +     Faith    .     (no shield)
rPois  ∞         Spirit   .     b - +0 hat
rElec  .         Reflect  .     (no cloak)
rCorr  .         Harm     .     (no gloves)
MR     .....                    d - +2 pair of boots
Stlth  ++........               (no amulet)
                                (no ring)
                                i - +4 ring of intelligence

@: no status effects
A: no food or potions, fire vulnerability, cold resistance 1, negative energy
resistance 3, torment resistance, unbreathing
a: no special abilities


You were on level 4 of the Dungeon.
You were not hungry.

You visited 1 branch of the dungeon, and saw 4 of its levels.

You collected 135 gold pieces.

Inventory:

Hand Weapons
 l - a +0 dagger (weapon)
Armour
 a - a +0 robe (worn)
 b - a +0 hat (worn)
 d - a +2 pair of boots (worn)
Jewellery
 i - a +4 ring of intelligence (left hand)
Scrolls
 e - 3 scrolls of remove curse
 f - a scroll of identify {unknown}
 g - a scroll of amnesia
 h - a scroll of teleportation
 j - a scroll of blinking {unknown}
Books
 c - a book of Minor Magic

   Spells                             Type                      Level
   a - Magic Dart                     Conjuration                  1
   b - Blink                          Translocation                2
   c - Call Imp                       Summoning                    2
   d - Repel Missiles                 Charms/Air                   2
   e - Slow                           Hexes                        2
   f - Conjure Flame                  Conjuration/Fire             3
   g - Mephitic Cloud                 Conjuration/Poison/Air       3


   Skills:
 - Level 1.5 Dodging
 - Level 3.0 Stealth
 + Level 4.3 Spellcasting
 + Level 2.8 Conjurations
   Level 0.7 Summonings
 - Level 0.7 Translocations


You had 3 spell levels left.
You knew the following spells:

 Your Spells              Type           Power        Failure   Level  Hunger
a - Magic Dart            Conj           ###.         4%          1    N/A
b - Mephitic Cloud        Conj/Pois/Air  #.......     21%         3    N/A
c - Conjure Flame         Conj/Fire      ##......     17%         3    N/A
d - Blink                 Tloc           N/A          14%         2    N/A

Dungeon Overview and Level Annotations

Branches:
Dungeon (4/15)
 Temple: D:4-7

Altars:
Dithmenos
Fedhas
Nemelex Xobeh
The Shining One

Annotations:
D:3 Grinder, Purgy


Innate Abilities, Weirdness & Mutations

You do not eat or drink.
Your flesh is vulnerable to fire.
You are immune to poison.
Your flesh is cold resistant. (rC+)
You are immune to negative energy. (rN+++)
You are immune to unholy pain and torment.
You can survive without breathing.


Message History

You hit the orc wizard.
The orc wizard is moderately wounded.
The orc wizard hits you with a dagger.
* * * LOW HITPOINT WARNING * * *
The orc wizard hits itself but does no damage.
You completely miss the orc wizard.
The orc wizard is moderately wounded.
The orc wizard hits you but does no damage.
You hit the orc wizard but do no damage.
The orc wizard is moderately wounded.
The orc wizard hits you but does no damage.
You hit the orc wizard.
The orc wizard is heavily wounded.
The orc wizard barely misses you.
You barely miss the orc wizard.
The orc wizard is heavily wounded.
The orc wizard seems less confused.
The orc wizard points at you and mumbles some strange words.
The magic dart hits you!
You die...

######.#
#.# #(#
#.# #.#
#.#####
#.#..<#
#.#.###
#.@.#
#o###
###


You could see an orc wizard.

Vanquished Creatures
  Terence (D:3)
  Robin (D:3)
  3 gnolls (D:4)
  6 adders
  A howler monkey skeleton (D:3)
  3 oozes
  A worm (D:2)
  2 dart slugs
  2 leopard geckos
  2 orcs
  A ball python (D:2)
  3 giant cockroaches
  20 goblins
  11 hobgoblins
  8 bats
  5 frilled lizards
  3 goblin skeletons (D:4)
  A goblin zombie (D:4)
  4 hobgoblin zombies (D:4)
  4 kobolds
  2 kobold skeletons (D:4)
  An orc zombie (D:4)
85 creatures vanquished.

Notes
Turn   | Place    | Note
-------+----------+-------------------------------------------
     0 | D:1      | spiff the Mummy Wizard began the quest for the Orb.
     0 | D:1      | Reached XP level 1. HP: 13/13 MP: 4/4
   142 | D:1      | Reached skill level 1 in Conjurations
   277 | D:1      | Reached XP level 2. HP: 19/19 MP: 1/6
  1520 | D:2      | Found a sparkling altar of Nemelex Xobeh.
  1576 | D:2      | Reached XP level 3. HP: 23/24 MP: 0/7
  2010 | D:2      | Found a shadowy altar of Dithmenos.
  2097 | D:2      | Reached XP level 4. HP: 30/30 MP: 4/9
  2138 | D:2      | Learned a level 3 spell: Mephitic Cloud
  2142 | D:2      | Learned a level 3 spell: Conjure Flame
  2145 | D:2      | Learned a level 2 spell: Blink
  2501 | D:2      | Found a blossoming altar of Fedhas.
  3104 | D:3      | Noticed Robin
  3132 | D:3      | Noticed Terence
  3140 | D:3      | Killed Robin
  3233 | D:2      | Reached XP level 5. HP: 26/35 MP: 0/10
  3550 | D:3      | Noticed Grinder
  3815 | D:3      | Killed Terence
  3815 | D:3      | Reached skill level 4 in Spellcasting
  4077 | D:3      | Noticed Purgy
  4819 | D:4      | Found a glowing golden altar of the Shining One.
  5553 | D:4      | Killed from afar by an orc wizard

Skill      XL: |  1  2  3  4  5 |
---------------+----------------+-----
Conjurations   | 1 2 |  2.8
Stealth        | 2 3 |  3.0
Spellcasting   | 4 |  4.3
Dodging        | |  1.5
Summonings     | |  0.7
Translocations | |  0.7

Action                   |  1- 3 |  4- 6 || total
-------------------------+-------+-------++-------
Melee: Unarmed           |     9 |       ||     9
       Dagger            |       |   230 ||   230
 Cast: Magic Dart        |    97 |   167 ||   264
       Mephitic Cloud    |       |    12 ||    12
       Conjure Flame     |       |     3 ||     3
  Use: Scroll            |       |     6 ||     6
 Stab: Confused          |       |     3 ||     3
       Distracted        |       |     1 ||     1
Armor: Robe              |    22 |    74 ||    96
Dodge: Dodged            |    35 |   150 ||   185
